 Dungeon Crawl Stone Soup version 0.30-a0-918-g0ff054e9dc (webtiles) character file.

Game seed: 8882168929633139894

1631 jasper the Magician (level 8, -4/55 (60) HPs)
             Began as a Demonspawn Wanderer on Mar 20, 2023.
             Slain by an orc warrior
             ... wielding a +2 mace of protection
              (8 damage)
             ... on level 7 of the Dungeon.
             The game lasted 00:12:01 (6491 turns).

jasper the Magician (Demonspawn Wanderer)           Turns: 6491, Time: 00:12:02

HP:   -4/55 (60)    AC:  5    Str:  8 (10) XL:     8   Next: 65%
MP:   0/18          EV: 12    Int: 26 (27) God:
Gold: 195           SH:  0    Dex:  7 (10) Spells: 17/21 levels left

rFire   . . .      SeeInvis .    u - +0 scythe (venom)
rCold   . . .      Faith    .    (shield currently unavailable)
rNeg    . . .      Spirit   +    o - +0 steam dragon scales
rPois   .          Reflect  .    (no helmet)
rElec   .          Rampage  .    (no cloak)
rCorr   .                        (no gloves)
Will    .....                    (no boots)
Stlth   +                        (no amulet)
HPRegen 0.29/turn                n - +6 ring of intelligence
MPRegen 0.32/turn                (no ring)

@: confused, weak-willed, ambrosia-drunk, drained
A: magic shield, magic regeneration, demonic touch 1
a: no special abilities


You were on level 7 of the Dungeon.
You visited 1 branch of the dungeon, and saw 7 of its levels.

You collected 195 gold pieces.

Inventory:

Hand Weapons
 a - a +0 dagger
 l - a +1 short sword
 u - a +0 scythe of venom (weapon)
 y - a +2 trident
Missiles
 b - 7 boomerangs
 h - 6 poisoned darts
 i - a throwing net
Armour
 d - a +0 robe
 o - +0 steam dragon scales (worn)
Magical Staves
 e - a staff of death
 t - a staff of poison
Jewellery
 n - a +6 ring of intelligence (left hand)
Scrolls
 f - 2 scrolls of torment
 g - 2 scrolls of magic mapping
 j - a scroll of immolation
Potions
 c - a potion of attraction
 k - 2 potions of flight
 m - 2 potions of lignification
 q - a potion of brilliance
 x - a potion of resistance {unknown}


   Skills:
 + Level 3.9 Fighting
 - Level 2.6 Throwing
 + Level 3.5 Dodging
 - Level 1.0 Stealth
 * Level 7.2 Spellcasting
 + Level 4.2 Conjurations
 - Level 2.0 Translocations
 - Level 3.4 Fire Magic
 - Level 2.0 Air Magic


You had 17 spell levels left.
You knew the following spells:

 Your Spells              Type           Power      Damage    Failure   Level
a - Foxfire               Conj/Fire      100%       2x1d9     1%          1
b - Kindle Blastsparks    Fire/Tloc/Air  44%        2d13      7%          3

Your spell library contained the following spells:

 Spells                   Type           Power      Damage    Failure   Level
 Freeze                   Ice            36%        1d5       6%          1
 Sandblast                Erth           18%        2d7       6%          1
 Inner Flame              Hex/Fire       18%        N/A       9%          3
 Ignite Poison            Fire/Tmut/Pois 15%        N/A       12%         3
 Frozen Ramparts          Ice            18%        1d3       19%         3
 Summon Guardian Golem    Hex/Summ       9%         N/A       19%         3
 Ice Form                 Ice/Tmut       9%         N/A       52%         4
 Summon Ice Beast         Ice/Summ       9%         N/A       52%         4
 Freezing Cloud           Conj/Ice/Air   10%        6-21      58%         5
 Orb of Destruction       Conj           15%        9d7       100%        7
 Spellforged Servitor     Conj/Summ      10%        N/A       100%        7


Dungeon Overview and Level Annotations

Branches:
Dungeon (7/15)
 Temple: D:4-7

Altars:
Cheibriados
Hepliaklqana
Sif Muna
Trog

Shops:
D:2 ?

Annotations:
D:3 2 runed translucent doors
D:5 Dowan, Duvessa


Innate Abilities, Weirdness & Mutations

When hurt, damage is shared between your health and your magic reserves.
You regenerate magic rapidly.
Your touch may inflict minor irresistible damage on your foes.


Message History

It was a potion of degeneration.
There was something very wrong with that liquid.
You feel weakened.
You feel dopey.
You feel clumsy. The bullfrog misses you. The bullfrog closely misses you.
The orc closely misses you. The orc priest hits you with a +0 club.
* * * LOW HITPOINT WARNING * * *
You take 1 damage, and have 1/55 hp.
It was a potion of ambrosia.
You are confused.
You feel invigorated. The bullfrog barely misses you.
The orc priest hits you but does no damage.
The orc barely misses you. The orc closely misses you.
You regained 5 hp, and now have 6/55 hp.
You regained 6 mp, and now have 8/18 mp.
You bump into the rock wall.
The bullfrog closely misses you.
The orc warrior unwields a +0 arbalest.
The orc warrior wields a +2 mace of protection.
The orc warrior barely misses you.
The bullfrog hits you but does no damage.
The orc hits you with a +0 hand axe.
* * * LOW HITPOINT WARNING * * *
The orc priest calls down the wrath of Beogh upon you.
Pain shoots through your body!
* * * LOW HITPOINT WARNING * * *
The orc closely misses you.
You regained 3 hp, and now have 9/55 hp.
You hit the orc.
The orc is poisoned.
The orc is moderately wounded.
The bullfrog misses you.
The orc warrior hits you with a +2 mace of protection!
* * * LOW HITPOINT WARNING * * *
The bullfrog hits you but does no damage.
The orc hits you with a +0 hand axe.
* * * LOW HITPOINT WARNING * * *
The orc priest mumbles some strange prayers to Beogh against you.
Beogh smites you!
* * * LOW HITPOINT WARNING * * *
The orc misses you.
The orc warrior hits you with a +2 mace of protection!
You die...

......... ##:......##
#.........### #o
#............. #.#
#............o# ..
#..............#######
#....o................
##..ooo........o.....#
##zF@o.......###..#..
########### ###....
###### ######...###
#....####......### #
#..<.##...###### #
#.......### #....####
#....# #....#


You could see an orc warrior, a bullfrog, a wight, an orc priest and 3 orcs.

Vanquished Creatures
  Sigmund (D:6)
  A steam dragon (D:7)
  An acid dragon (D:6)
  A water moccasin (D:7)
  An orc warrior (D:4)
  An ogre (D:6)
  A phantom (D:6)
  2 scorpions (D:4)
  3 wights (D:7)
  A howler monkey (D:6)
  2 hounds
  A jelly (D:4)
  2 orc priests (D:4)
  2 iguanas
  Natasha (twice) (D:2)
  2 orc wizards
  Terence (D:2)
  4 gnolls (D:4)
  8 adders
  5 white imps
  A worm (D:3)
  A dart slug (D:2)
  6 orcs
  6 endoplasms
  3 giant cockroaches
  4 goblins
  10 hobgoblins
  6 jackals
  6 quokkas
  2 ball pythons
  6 bats
  4 frilled lizards
  5 kobolds
  9 rats
111 creatures vanquished.

Vanquished Creatures (collateral kills)
  22 foxfires (D:4)
22 creatures vanquished.

Vanquished Creatures (others)
  500 foxfires
  27 plants (D:4)
527 creatures vanquished.

Grand Total: 660 creatures vanquished

Notes
Turn   | Place    | Note
-------+----------+-------------------------------------------
     0 | D:1      | jasper the Demonspawn Wanderer began the quest for the Orb.
     0 | D:1      | jasper set off with the following items: a +0 dagger, 9
                  | boomerangs, a potion of attraction, a +0 robe; and the
                  | following spell memorised: Foxfire; and the following
                  | spells available to memorise: Inner Flame, Ignite Poison.
     0 | D:1      | Reached XP level 1. HP: 13/13 MP: 5/5
   248 | D:1      | Gained mutation: You regenerate magic rapidly. [demonic
                  | ancestry]
   248 | D:1      | Reached XP level 2. HP: 19/19 MP: 5/7
   435 | D:1      | Reached skill level 1 in Conjurations
   988 | D:2      | Reached XP level 3. HP: 24/24 MP: 6/8
  1163 | D:2      | Found Wiuffur's Magic Scroll Emporium.
  1258 | D:2      | Noticed Natasha
  1268 | D:2      | Killed Natasha
  1457 | D:2      | Noticed Terence
  1470 | D:2      | Killed Terence
  1471 | D:2      | Gained mutation: When hurt, damage is shared between your
                  | health and your magic reserves. [demonic ancestry]
  1471 | D:2      | Reached XP level 4. HP: 13/30 MP: 4/10
  1684 | D:2      | Noticed Natasha
  1690 | D:2      | Killed Natasha
  1833 | D:3      | Found a large runed translucent door.
  1834 | D:3      | Found a large runed translucent door.
  1881 | D:3      | Reached skill level 1 in Fighting
  1881 | D:3      | Reached XP level 5. HP: 18/37 MP: 0/12
  1905 | D:3      | Reached skill level 5 in Spellcasting
  1970 | D:3      | Reached skill level 1 in Dodging
  2094 | D:3      | Learned a level 3 spell: Kindle Blastsparks
  2144 | D:3      | Found a hazy altar of Hepliaklqana.
  2324 | D:3      | Found a snail-covered altar of Cheibriados.
  2893 | D:4      | Found a shimmering blue altar of Sif Muna.
  2900 | D:4      | Got Sif Muna's Precepts of the Cold Quake
  2905 | D:4      | Found a bloodstained altar of Trog.
  2905 | D:4      | Noticed an orc warrior
  2932 | D:4      | Killed an orc warrior
  2933 | D:4      | Reached skill level 1 in Translocations
  2933 | D:4      | Reached skill level 1 in Air Magic
  2933 | D:4      | Gained mutation: Your touch may inflict minor irresistible
                  | damage on your foes. [demonic ancestry]
  2933 | D:4      | Reached XP level 6. HP: 11/43 MP: 0/13
  3678 | D:4      | Reached XP level 7. HP: 49/49 MP: 11/15
  4543 | D:5      | Entered Level 5 of the Dungeon
  4677 | D:5      | Noticed Dowan
  4677 | D:5      | Noticed Duvessa
  5320 | D:6      | Reached skill level 6 in Spellcasting
  5597 | D:6      | Noticed Sigmund
  5603 | D:6      | Killed Sigmund
  5604 | D:6      | Reached XP level 8. HP: 52/58 MP: 11/17
  6248 | D:7      | Reached skill level 7 in Spellcasting
  6486 | D:7      | HP: 1/55 [wight/+0 dire flail (4)]
  6491 | D:7      | Slain by an orc warrior

Illustrated notes

Levels and vault maps discovered:
D:1:      elethiomel_arrival_quiet, layout_basic
D:2:      layout_loops_cross, serial_shops, shop_fountains, uniq_terence,
          uniq_natasha
D:3:      layout_loops_cross, nicolae_overflow_hidden_temple, slow_altar_1,
          mainiacjoe_overflow_concentric_impassable, jmf_multi_god_temple2,
          kennysheep_generic_room_12
D:4:      layout_layer_cave, nzn_overflow_gifts_of_might_and_magic,
          serial_bayou, serial_bayou_shore_a, serial_bayou_lake_a,
          serial_bayou_pond_b, serial_bayou_pond_e
D:5:      layout_gridville, kennysheep_okawaru_gauntlet,
          minmay_temple_entry_proselytizer, uniq_edmund, uniq_grinder,
          uniq_duvessa, uniq_ijyb
D:6:      layout_gridville, chequers_serial_rivers_micro_a, lemuel_flame_loot_1,
          uniq_sigmund
D:7:      layout_rooms

Skill      XL: |  1  2  3  4  5  6  7  8 |
---------------+-------------------------+-----
Fire Magic     | 2 3 |  3.4
Conjurations   | 1 2 3 4 |  4.2
Fighting       | 1 3 |  3.9
Spellcasting   | 5 6 7 |  7.2
Dodging        | 1 2 3 |  3.5
Translocations | 1 2 |  2.0
Air Magic      | 1 2 |  2.0
Throwing       | |  2.6
Stealth        | |  1.0

Action                     |  1- 3 |  4- 6 |  7- 9 || total
---------------------------+-------+-------+-------++-------
  Melee: Dagger            |    17 |       |       ||    17
         Short sword       |     9 |     6 |       ||    15
         Unarmed           |       |    10 |     2 ||    12
         Halberd           |       |       |    21 ||    21
  Throw: Boomerang         |    29 |       |       ||    29
         Dart              |     3 |       |       ||     3
   Cast: Foxfire           |    37 |   143 |   130 ||   310
         Kindle Blastspark |       |     3 |     2 ||     5
    Use: Scroll            |     5 |     6 |     5 ||    16
         Potion            |       |     6 |     6 ||    12
 Armour: Robe              |     4 |     3 |     5 ||    12
         Skin              |       |     3 |       ||     3
         Steam dragon scal |       |       |    11 ||    11
  Dodge: Dodged            |    22 |    13 |    55 ||    90

Table legend: (Time is in decaauts)
 A = Elapsed time spent in this place.
 B = Non-inter-level travel time spent in this place.
 C = Inter-level travel time spent in this place.
 D = Time resting spent in this place.
 E = Time spent auto-exploring this place.
 F = Levels seen in this place.
 G = Mean time per level.
                   A        B        C        D        E       F      G
               +--------+--------+--------+--------+--------+-----+--------+
         Total |   6547 |   6243 |    304 |    462 |   4844 |   7 |  935.3 |
       Dungeon |   6547 |   6243 |    304 |    462 |   4844 |   7 |  935.3 |
               +--------+--------+--------+--------+--------+-----+--------+

Top non-repeatable levels by time:
     D:4: 2024 daAuts
     D:3: 1113 daAuts
     D:6: 1039 daAuts
     D:1: 962 daAuts
     D:2: 748 daAuts
     D:7: 537 daAuts
     D:5: 121 daAuts
